 Dungeon Crawl Stone Soup version 0.26-a0-466-g989023bd0d (webtiles) character file.

Game seed: 1405854664528902446

17861 HoaS the Brawler (level 12, -3/62 HPs)
             Began as a Gargoyle Gladiator on Aug 2, 2020.
             Was an Elder of Makhleb.
             Slain by a tyrant leech (22 damage)
             ... on level 2 of the Lair of Beasts.
             The game lasted 00:27:49 (12235 turns).

HoaS the Brawler (Gargoyle Gladiator)              Turns: 12235, Time: 00:27:50

Health: -3/62      AC: 24    Str: 22    XL:     12   Next: 52%
Magic:  12/12      EV:  7    Int: 10    God:    Makhleb [****..]
Gold:   636        SH:  0    Dex: 17    Spells: 11/11 levels left

rFire    . . .     SeeInvis .     - Unarmed
rCold    + . .     Faith    .   (no shield)
rNeg     + + .     Spirit   .   f - +2 plate armour {rC+}
rPois    ∞         Reflect  .   b - +1 helmet
rElec    +         Harm     .   (no cloak)
rCorr    .                      v - +0 pair of gloves
MR       .....                  A - +0 pair of boots
Stlth    ..........             y - amulet of the acrobat
HPRegen  0.20/turn              i - ring of positive energy
MPRegen  0.13/turn              o - +6 ring of dexterity

@: no status effects
A: negative energy resistance 1, electricity resistance, unbreathing,
petrification resistance, rot immunity, AC +8
a: Minor Destruction, Lesser Servant of Makhleb, Major Destruction, Renounce
Religion


You were on level 2 of the Lair of Beasts.
You worshipped Makhleb.
Makhleb was greatly pleased with you.
You visited 2 branches of the dungeon, and saw 12 of its levels.

You collected 636 gold pieces.

Inventory:

Missiles
 g - 33 poisoned darts (quivered)
Armour
 b - a +1 helmet (worn)
 f - a +2 plate armour of cold resistance (worn)
 v - a +0 pair of gloves (worn)
 A - a +0 pair of boots (worn)
Jewellery
 d - an uncursed amulet of guardian spirit {unknown}
 i - a ring of positive energy (left hand)
 o - a +6 ring of dexterity (right hand)
 y - an amulet of the acrobat (around neck)
 C - a +6 ring of strength {unknown}
 E - a +4 ring of evasion {unknown}
Wands
 c - a wand of flame (16)
 u - a wand of digging (4)
 w - a wand of random effects (47)
Scrolls
 k - a scroll of fear
 l - 5 scrolls of teleportation
 q - a scroll of enchant armour
 s - a scroll of silence
 x - 2 scrolls of magic mapping
 z - 4 scrolls of remove curse
 B - a scroll of vulnerability {unknown}
Potions
 a - 2 potions of resistance
 e - 2 potions of mutation
 h - 3 potions of lignification
 j - 6 potions of heal wounds
 m - 4 potions of curing
 n - a potion of cancellation
 p - a potion of magic {unknown}
 r - a potion of flight {unknown}
 t - a potion of ambrosia {unknown}
 D - a potion of berserk rage {unknown}


   Skills:
 - Level 2.1 Fighting
 - Level 1.7 Throwing
 - Level 2.4 Dodging
 * Level 18.7 Unarmed Combat


You had 11 spell levels left.
You didn't know any spells.
Your spell library contained the following spells:

 Spells                   Type           Power        Failure   Level
 Animate Skeleton         Necr           #.....       100%        1
 Apportation              Tloc           #.....       100%        1
 Corona                   Hex            #......      100%        1
 Shock                    Conj/Air       #...         100%        1
 Summon Small Mammal      Summ           #...         100%        1
 Swiftness                Air            #.......     100%        2
 Static Discharge         Conj/Air       #.......     100%        3
 Airstrike                Air            #.........   100%        4
 Bolt of Magma            Conj/Fire/Erth #.........   100%        5
 Iskenderun's Battlesphe  Conj           #.......     100%        5
 Lightning Bolt           Conj/Air       #.........   100%        5
 Iron Shot                Conj/Erth      #.........   100%        6
 Orb of Destruction       Conj           #.........   100%        7
 Spellforged Servitor     Conj/Summ      #.........   100%        7


Dungeon Overview and Level Annotations

Branches:
Dungeon (10/15)            Temple (0/1) D:7            Lair (2/6) D:8
  Swamp (0/4) Lair:2
  Snake: Lair:2-4    Spider: Lair:2-4       Orc: D:9-12

Altars:
Cheibriados
Fedhas
Makhleb
Ru
Trog
Uskayaw
Vehumet
Yredelemnul
Zin
The Shining One

Shops:
D:8 ?


Innate Abilities, Weirdness & Mutations

You are resistant to torment.
Your stone body is resilient. (AC +8)
You are immune to poison.
You resist negative energy. (rN+)
You are resistant to electric shocks. (rElec)
You can survive without breathing.
You are immune to petrification.
You are immune to rotting.


Message History

Makhleb accepts your kill.
You barely miss the tyrant leech. You punch the tyrant leech!
The tyrant leech is moderately wounded.
The tyrant leech bites you but does no damage.
You punch the tyrant leech!
The tyrant leech is heavily wounded.
You closely miss the tyrant leech. Your punch misses the tyrant leech.
The tyrant leech is heavily wounded.
The tyrant leech bites you!
You barely miss the tyrant leech.
The tyrant leech is heavily wounded.
You hit the tyrant leech.
The tyrant leech is heavily wounded.
The tyrant leech bites you but does no damage.
Your plate armour prevents you from hitting the tyrant leech.
The tyrant leech is heavily wounded.
You closely miss the tyrant leech.
The tyrant leech is heavily wounded.
The tyrant leech bites you!!
You die... ................................. ................................. ..............♣♣♣♣♣.............. .............♣♣≈♣♣♣♣............. ...>.........♣≈≈≈≈♣♣............. .............♣≈≈w≈§♣............. ......####..♣♣ www

♣............. ............#
♣w♣♣♣..P.#...##..#
..............♣♣@♣♣....#.....##..
.....#......#..........#...÷.#...
.....+......#..........##...#....
........#....##....##........
........#...##P.###......#...
.P#.###.P.... ..........#....
...... ............##.. ......
................ ###.#
####.###....#.


You could see 4 tyrant leeches and a swamp worm.

Vanquished Creatures
  2 hydras
  2 two-headed ogres (D:8)
  An ugly thing (D:10)
  Joseph (D:6)
  Maggie (D:8)
  2 cane toads (Lair:2)
  A rime drake (Lair:1)
  3 komodo dragons
  A troll (D:10)
  A tyrant leech (Lair:2)
  The ghost of adozu the Covered, an amateur DsFi (D:4)
  5 blink frogs (Lair:1)
  A hippogriff (Lair:1)
  Sigmund (D:4)
  A wraith (D:10)
  A wyvern (Lair:1)
  29 yaks
  2 basilisks
  3 water moccasins (Lair:1)
  6 porcupines
  2 orc warriors
  4 black bears
  2 ice beasts
  4 phantoms
  3 ogres
  3 crocodiles
  5 centaurs
  3 big kobolds
  12 bullfrogs
  2 scorpions
  3 killer bees
  7 howler monkeys
  8 wights (D:9)
  A crimson imp (D:5)
  4 hounds
  3 bullfrog skeletons
  5 orc priests
  A bullfrog zombie (D:5)
  3 jellies
  Terence (D:1)
  5 iguanas
  6 orc wizards
  6 worker ants
  2 hound skeletons
  Robin (D:1)
  A gnoll (D:4)
  A howler monkey skeleton (D:4)
  18 adders
  2 shadow imps
  2 white imps (D:5)
  3 ufetubi
  An adder zombie (D:4)
  2 worms
  3 dart slugs
  7 leopard geckos
  18 orcs
  6 bats
  3 giant cockroaches
  19 goblins
  16 hobgoblins
  8 jackals
  2 quokkas
  3 ball pythons
  6 frilled lizards
  A jackal skeleton (D:8)
  24 kobolds
  8 rats
315 creatures vanquished.

Vanquished Creatures (others)
  A kobold (D:3)
  21 fungi (D:8)
  7 plants
29 creatures vanquished.

Grand Total: 344 creatures vanquished

Notes
Turn   | Place    | Note
-------+----------+-------------------------------------------
     0 | D:1      | HoaS the Gargoyle Gladiator began the quest for the Orb.
     0 | D:1      | Reached XP level 1. HP: 12/12 MP: 1/1
    86 | D:1      | Reached XP level 2. HP: 11/17 MP: 2/2
   318 | D:1      | Reached skill level 4 in Unarmed Combat
   402 | D:1      | Reached XP level 3. HP: 21/21 MP: 3/3
   692 | D:2      | Noticed Robin
  1030 | D:1      | Killed Robin
  1030 | D:1      | Reached XP level 4. HP: 9/26 MP: 4/4
  1256 | D:2      | Reached skill level 5 in Unarmed Combat
  1421 | D:2      | Found a blossoming altar of Fedhas.
  1953 | D:2      | Reached XP level 5. HP: 30/30 MP: 5/5
  2007 | D:2      | Noticed Terence
  2025 | D:1      | Killed Terence
  2166 | D:2      | Reached skill level 6 in Unarmed Combat
  2620 | D:2      | Reached XP level 6. HP: 19/35 MP: 6/6
  3107 | D:3      | Found a radiant altar of Vehumet.
  3234 | D:3      | Found a glowing golden altar of the Shining One.
  3463 | D:4      | Noticed adozu's ghost (amateur DsFi)
  3479 | D:4      | Reached skill level 7 in Unarmed Combat
  3580 | D:4      | Found a runed translucent gate.
  3580 | D:4      | Found a runed translucent gate.
  3580 | D:4      | Found a runed translucent gate.
  3795 | D:4      | Noticed Sigmund
  3805 | D:4      | Killed Sigmund
  3805 | D:4      | Reached skill level 8 in Unarmed Combat
  3805 | D:4      | Reached XP level 7. HP: 40/40 MP: 7/7
  4107 | D:4      | Found a sacrificial altar of Ru.
  4169 | D:5      | Entered Level 5 of the Dungeon
  4414 | D:5      | Reached skill level 9 in Unarmed Combat
  4427 | D:5      | Reached XP level 8. HP: 32/44 MP: 8/8
  5011 | D:5      | Found a burning altar of Makhleb.
  5022 | D:5      | Became a worshipper of Makhleb the Destroyer
  5161 | D:6      | Reached skill level 10 in Unarmed Combat
  5234 | D:6      | Found a basalt altar of Yredelemnul.
  5508 | D:6      | Found a glowing silver altar of Zin.
  5509 | D:6      | Noticed an angel
  5644 | D:6      | Found a hide-covered altar of Uskayaw.
  6000 | D:6      | Reached skill level 11 in Unarmed Combat
  6247 | D:7      | Noticed Joseph
  6259 | D:6      | Reached XP level 9. HP: 18/48 MP: 9/9
  6539 | D:6      | Killed Joseph
  6539 | D:6      | Reached skill level 12 in Unarmed Combat
  6766 | D:7      | Reached * piety under Makhleb
  6774 | D:7      | Found a staircase to the Ecumenical Temple.
  6851 | D:7      | Found a snail-covered altar of Cheibriados.
  7033 | D:7      | Found a bloodstained altar of Trog.
  7170 | D:4      | Killed adozu's ghost
  7524 | D:8      | Noticed a two-headed ogre
  7587 | D:7      | Reached skill level 13 in Unarmed Combat
  7639 | D:8      | Found Pighucul's Magic Scroll Boutique.
  7670 | D:8      | Got an ancient copper ring
  7851 | D:7      | Identified the ring of Yendor {*Tele rPois MR+ Int+4
                  | Stlth-} (You found it on level 8 of the Dungeon)
  7865 | D:8      | Reached XP level 10. HP: 48/53 MP: 10/10
  7869 | D:8      | Found a staircase to the Lair.
  7909 | D:8      | Noticed a two-headed ogre
  7944 | D:8      | Killed a two-headed ogre
  7944 | D:8      | Reached skill level 14 in Unarmed Combat
  7988 | D:8      | Reached ** piety under Makhleb
  8205 | D:8      | Killed a two-headed ogre
  8220 | D:8      | Reached skill level 15 in Unarmed Combat
  8548 | D:9      | Noticed Maggie
  8565 | D:8      | Killed Maggie
  8777 | D:8      | Reached XP level 11. HP: 55/57 MP: 11/11
  9027 | D:9      | Reached skill level 16 in Unarmed Combat
  9178 | D:9      | Reached *** piety under Makhleb
  9254 | D:10     | Entered Level 10 of the Dungeon
  9630 | D:10     | Noticed a brown ugly thing
  9639 | D:10     | Killed a brown ugly thing
 10489 | Lair:1   | Entered Level 1 of the Lair of Beasts
 10601 | Lair:1   | Reached skill level 17 in Unarmed Combat
 10863 | Lair:1   | Noticed a seven-headed hydra
 10921 | D:8      | Killed a seven-headed hydra
 10921 | D:8      | Reached **** piety under Makhleb
 11002 | Lair:1   | Reached XP level 12. HP: 62/62 MP: 12/12
 11080 | Lair:1   | Reached skill level 18 in Unarmed Combat
 11541 | Lair:2   | Noticed a five-headed hydra
 11556 | Lair:1   | Killed a five-headed hydra
 12213 | Lair:2   | Found a staircase to the Swamp.
 12235 | Lair:2   | Slain by a tyrant leech

Illustrated notes

Levels and vault maps discovered:
D:1:      lemuel_arrival_broad_hall, layout_rooms
D:2:      layout_basic, lemuel_round_altar, uniq_robin, uniq_terence
D:3:      layout_rooms, nicolae_overflow_crystal_walls, fiery_altar_vehumet
D:4:      layout_rooms, nicolae_ru_path_of_blood, gammafunk_ghost_split,
          hangedman_glass_teeth, grunt_ministairs_6, uniq_sigmund
D:5:      cheibrodos_iron_armory, layout_loops_cross, makhleb_grotto_becter
D:6:      layout_gridville, kennysheep_mini_moat, zin_angel,
          eat_drink_and_be_merry_uskayaw, minmay_misc_feat_enclosed
D:7:      layout_cave_pools, kennysheep_little_box,
          minmay_temple_entry_offerings, basic_altar, dk_rats_in_the_wall,
          uniq_joseph
D:8:      layout_rooms, due_lair_maze_entry_diamond, serial_shops, shop
D:9:      layout_rooms, uniq_maggie
D:10:     layout_grid_maze
Lair:1:   layout_regular_city
Lair:2:   layout_regular_city, minmay_swamp_entry_worms

Skill      XL: |  1  2  3  4  5  6  7  8  9 10 11 12 |
---------------+-------------------------------------+-----
Unarmed Combat | 4 5 6 8 9 11 13 15 17 18 | 18.7
Fighting       | |  2.1
Throwing       | |  1.7
Dodging        | |  2.4

Action                   |  1- 3 |  4- 6 |  7- 9 | 10-12 || total
-------------------------+-------+-------+-------+-------++-------
Melee: Unarmed           |   164 |   275 |   370 |   603 ||  1412
       Punch             |     2 |     5 |     6 |    52 ||    65
Throw: Throwing net      |       |     4 |     1 |     2 ||     7
       Dart              |       |       |       |     7 ||     7
  Use: Scroll            |     1 |     7 |    16 |     4 ||    28
       Potion            |       |       |       |     1 ||     1
Armor: Leather armour    |    51 |    42 |       |       ||    93
       Scale mail        |       |    94 |    52 |       ||   146
       Plate armour      |       |       |   224 |   412 ||   636
Dodge: Dodged            |    99 |   134 |   156 |   197 ||   586

Table legend: (Time is in decaauts)
 A = Elapsed time spent in this place.
 B = Non-inter-level travel time spent in this place.
 C = Inter-level travel time spent in this place.
 D = Time resting spent in this place.
 E = Time spent auto-exploring this place.
 F = Levels seen in this place.
 G = Mean time per level.
                   A        B        C        D        E       F      G
               +--------+--------+--------+--------+--------+-----+--------+
         Total |  11963 |  11314 |    649 |   3152 |   5638 |  12 |  996.9 |
       Dungeon |  10326 |   9705 |    621 |   2910 |   4649 |  10 | 1032.6 |
          Lair |   1636 |   1608 |     28 |    242 |    989 |   2 |  818.0 |
               +--------+--------+--------+--------+--------+-----+--------+

Top non-repeatable levels by time:
     D:2: 1556 daAuts
     D:6: 1354 daAuts
     D:1: 1191 daAuts
    D:10: 1151 daAuts
  Lair:1: 1101 daAuts
     D:8: 1065 daAuts
     D:4: 1052 daAuts
     D:5: 957 daAuts
     D:7: 811 daAuts
     D:3: 731 daAuts
  Lair:2: 535 daAuts
     D:9: 454 daAuts
